 Dungeon Crawl Stone Soup version 0.30-a0-793-g160f7cfddd (webtiles) character file.

Game seed: 5516891787197011296

83 cheesebisquit the Grave Robber (level 4, 33/33 HPs)
             Began as a Ghoul Necromancer on Feb 19, 2023.
             Quit the game on level 3 of the Dungeon.
             The game lasted 00:09:38 (2057 turns).

cheesebisquit the Grave Robber (Ghoul Necromancer)  Turns: 2057, Time: 00:09:38

Health: 33/33      AC:  4    Str: 11    XL:     4   Next: 44%
Magic:  7/7        EV: 12    Int: 12    God:
Gold:   77         SH:  0    Dex:  9    Spells: 1/9 levels left

rFire   . . .      SeeInvis .    k - +2 short sword (drain)
rCold   + . .      Faith    .    (no shield)
rNeg    + + +      Spirit   .    a - +0 robe
rPois   ∞          Reflect  .    g - +1 helmet
rElec   .          Harm     .    (no cloak)
rCorr   .          Rampage  .    (no gloves)
Will    .....                    (no boots)
Stlth   ++                       o - amulet of magic regeneration
HPRegen 0.25/turn                r - +4 ring of slaying
MPRegen 0.50/turn                (no ring)

@: no status effects
A: claws 1, cold resistance 1, negative energy resistance 3, inhibited
regeneration, torment resistance 2, devour on kill
a: no special abilities


You were on level 3 of the Dungeon.
You visited 1 branch of the dungeon, and saw 3 of its levels.

You collected 77 gold pieces.

Inventory:

Hand Weapons
 d - a +0 club
 k - a +2 short sword of draining (weapon)
 s - a +2 dagger of speed
Missiles
 f - 3 datura-tipped darts
Armour
 a - a +0 robe (worn)
 g - a +1 helmet (worn)
Jewellery
 o - an amulet of magic regeneration (around neck)
 r - a +4 ring of slaying (left claw)
Scrolls
 e - a scroll of teleportation {unknown}
 h - 3 scrolls of identify {unknown}
 i - a scroll of silence {unknown}
 l - a scroll of acquirement {unknown}
 n - a scroll of enchant weapon {unknown}
 u - a scroll of blinking {unknown}
 w - a scroll of poison {unknown}
Potions
 b - a potion of magic
 c - a potion of attraction {unknown}
 j - a potion of degeneration {unknown}
 m - a potion of mutation {unknown}
 p - 2 potions of curing {unknown}
 q - a potion of resistance {unknown}
 t - a potion of flight {unknown}
 v - a potion of heal wounds {unknown}
 x - a potion of haste {unknown}


   Skills:
 - Level 1.7 Dodging
 - Level 2.1 Stealth
 + Level 3.0 Spellcasting
 + Level 4.9 Necromancy


You had one spell level left.
You knew the following spells:

 Your Spells              Type           Power      Damage    Failure   Level
a - Necrotise             Necr           52%        1d6       3%          1
b - Vampiric Draining     Necr           13%        2d6       10%         3
c - Animate Dead          Necr           13%        N/A       32%         4

Your spell library contained the following spells:

 Spells                   Type           Power      Damage    Failure   Level
 Apportation              Tloc           2%         N/A       24%         1
 Summon Small Mammal      Summ           4%         N/A       24%         1
 Agony                    Necr           13%        N/A       65%         5


Dungeon Overview and Level Annotations

Branches:
Dungeon (3/15)

Altars:
Sif Muna

Annotations:
D:1 1 runed translucent door


Innate Abilities, Weirdness & Mutations

You are immune to poison.
You have sharp fingernails.
Your flesh is cold resistant. (rC+)
You are immune to negative energy. (rN+++)
You do not regenerate when monsters are visible.
You are immune to unholy pain and torment.
You thrive by killing the living.


Message History

You kill the goblin!
The dead are walking!
You see here a +0 dagger.
Your magical contamination has completely faded away.
Your goblin skeleton crumbles into dust!
A ball python comes into view.
The ball python hisses angrily.
The ball python writhes in agony.
You kill the ball python!
The dead are slithering!
You swap places.
w - a scroll labelled NIRUEF SU EXTU You swap places.
Your ball python skeleton crumbles into dust!
An adder comes into view.
Found a blue potion.
The adder hisses angrily.
The adder barely resists.
The adder bites you.
The adder writhes in agony.
The adder closely misses you.
The adder writhes in agony.
The adder barely misses you.
The adder barely resists.
The adder barely misses you. The adder closely misses you.
The adder barely resists.
The adder bites you.
The adder barely resists.
The adder closely misses you.
The adder barely resists.
The adder closely misses you. The adder barely misses you.
The adder barely resists.
The adder bites you.
The adder writhes in agony.
You kill the adder!
You feel better.
The dead are slithering!
Your Spellcasting skill increases to level 3!
HP restored.
You swap places.
Your adder skeleton crumbles into dust!
x - a blue potion You now have 77 gold pieces (gained 11).
You open the door.
Found a shimmering blue altar of Sif Muna.
Found an escape hatch in the floor.
Are you sure you want to abandon this character and quit the game? (Confirm with "yes".)

....................#
#..
########........##..#
#.. ######.######.##..#
#.. #......#≈≈§§#..#..#
#..
#......#≈>§§#.<#..####..
#......#≈_§§#...........
#......#≈≈≈ #......)....
#......#'####..#........
#......@.......#######..
#......####....# #..
######.# #.##.# #.. #.#
#. #.# #.. ... #.. ###


There were no monsters in sight!

Vanquished Creatures
  3 adders
  A worm (D:2)
  2 dart slugs (D:2)
  An orc (D:3)
  4 ball pythons
  3 bats
  2 endoplasms (D:2)
  2 giant cockroaches (D:2)
  6 goblins
  3 hobgoblins
  7 kobolds
  3 quokkas (D:2)
  2 frilled lizards (D:1)
  8 rats
47 creatures vanquished.

Notes
Turn   | Place    | Note
-------+----------+-------------------------------------------
     0 | D:1      | cheesebisquit the Ghoul Necromancer began the quest for the
                  | Orb.
     0 | D:1      | Reached XP level 1. HP: 14/14 MP: 2/2
     0 | D:1      | Noticed a jelly
     1 | D:1      | Found a runed translucent door.
   186 | D:1      | Reached XP level 2. HP: 20/20 MP: 2/4
   798 | D:1      | You fall into a shaft and drop 1 floor!
  1157 | D:2      | Reached XP level 3. HP: 26/26 MP: 3/5
  1592 | D:2      | Reached XP level 4. HP: 33/33 MP: 5/7
  1843 | D:2      | Learned a level 3 spell: Vampiric Draining
  1848 | D:2      | Learned a level 4 spell: Animate Dead
  2056 | D:3      | Found a shimmering blue altar of Sif Muna.
  2057 | D:3      | Quit the game

Illustrated notes

Levels and vault maps discovered:
D:1:      dpeg_arrival_caged_fury, layout_basic
D:2:      layout_loops_cross
D:3:      layout_loops_cross, general_overflow_altar

Skill      XL: |  1  2  3  4 |
---------------+-------------+-----
Spellcasting   | 2 3 |  3.0
Dodging        | |  1.7
Stealth        | |  2.1
Necromancy     | |  4.9

Action                     |  1- 3 |  4- 6 || total
---------------------------+-------+-------++-------
  Melee: Club              |    18 |       ||    18
         Short sword       |    15 |       ||    15
   Cast: Necrotise         |    55 |    36 ||    91
 Armour: Robe              |    20 |     1 ||    21
  Dodge: Dodged            |    28 |    10 ||    38

Table legend: (Time is in decaauts)
 A = Elapsed time spent in this place.
 B = Non-inter-level travel time spent in this place.
 C = Inter-level travel time spent in this place.
 D = Time resting spent in this place.
 E = Time spent auto-exploring this place.
 F = Levels seen in this place.
 G = Mean time per level.
                   A        B        C        D        E       F      G
               +--------+--------+--------+--------+--------+-----+--------+
         Total |   2061 |   1993 |     68 |      0 |   1636 |   3 |  687.0 |
       Dungeon |   2061 |   1993 |     68 |      0 |   1636 |   3 |  687.0 |
               +--------+--------+--------+--------+--------+-----+--------+

Top non-repeatable levels by time:
     D:2: 971 daAuts
     D:1: 895 daAuts
     D:3: 194 daAuts
